 Dungeon Sprint DCSS version 0.17.0-24-gcfadda4 (webtiles) character file.

800000 George the Fighter (level 11, -7/131 HPs)
             Began as a Troll Berserker on Nov 16, 2015.
             Was an Initiate of Makhleb.
             Mangled by a meat berserker
             ... wielding a +9 battleaxe
              (63 damage)
             ... in the Dungeon (Sprint VIII: "Arena of Blood").
             The game lasted 00:00:45 (8 turns).

George the Fighter (Troll Berserker)                   Turns: 8, Time: 00:00:45

Health: -7/131     AC:  6    Str: 30    XL:     11   Next: 71%
Magic:  10/10      EV: 15    Int:  3    God:    Makhleb [......]
Gold:   0          SH:  0    Dex:  9    Spells: 0 memorised, 10 levels left

rFire  . . .     SeeInvis .     i - +∞ Axe of Woe
rCold  . . .     Clarity  .     a - +0 animal skin
rNeg   . . .     SustAt   .     (shield currently unavailable)
rPois  .         Gourm    +     (helmet restricted)
rElec  .         Spirit   .     (no cloak)
rCorr  .         Warding  .     (gloves unavailable)
rMut   .         NoTele   +     (boots unavailable)
MR     .....                    (no amulet)
Stlth  +.........               (no ring)
                                (no ring)

@: not resistant to hostile enchantments, very unstealthy
A: unfitting armour, claws 3, fast metabolism 3, gourmand, regeneration 2,
shaggy fur 1, tough skin 2
a: Renounce Religion


You were in the Dungeon.
You worshipped Makhleb.
Makhleb was noncommittal.
You were not hungry.

You visited 1 branch

Inventory:

Hand Weapons
 i - the +∞ Axe of Woe (weapon)
   (You found it in the Dungeon)
Armour
 a - a +0 animal skin (worn)
Scrolls
 h - a scroll of blinking
Potions
 c - a potion of curing
 d - a potion of heal wounds
 e - a potion of haste
 f - 2 potions of magic
 g - a potion of berserk rage
Comestibles
 b - 2 bread rations


   Skills:
 + Level 14.3 Fighting
 + Level 14.1 Armour
 + Level 14.3 Dodging
 - Level 3.0 Unarmed Combat


You had 10 spell levels left.
You didn't know any spells.

Dungeon Overview and Level Annotations

Branches:
Dungeon (1/1)

Altars:
Makhleb


Innate Abilities, Weirdness & Mutations

You are too large for most types of armour.
You have claws for hands.
Your metabolism is lightning-fast.
You like to eat raw meat.
You heal very quickly.
You are covered in fur (AC +1).
You have very tough skin (AC +2).


Message History

Increase (S)trength, (I)ntelligence, or (D)exterity?
You feel stronger. x2
You have reached level 4!
You have reached level 5!
You have reached level 6!
Your experience leads to an increase in your attributes!
Increase (S)trength, (I)ntelligence, or (D)exterity?
You feel stronger. x2
You have reached level 7!
You have reached level 8!
You have reached level 9!
Your experience leads to an increase in your attributes!
Increase (S)trength, (I)ntelligence, or (D)exterity?
You feel stronger. x2
You have reached level 10!
You have reached level 11!
The meat berserker rages.
You hear a shout! x3
The meat berserker hits you with a +9 battleaxe!!!
You die...

............
...........
...........
..........
#.o.....#
#.....o.#
.###.....o.###...
......###@.......
......._.Oo......
...o#.....#......
. #_.<._#.o....
#.....# .....
....._.........
......###........
.###.. ...###...
#.. ..#


You could see a meat berserker (berserk) and 6 bags of meat.

Vanquished Creatures
  An orc (D)
1 creature vanquished.

Notes
Turn   | Place    | Note
--------------------------------------------------------------
     0 | D        | George the Troll Berserker began the quest for the Orb.
     0 | D        | Reached XP level 1. HP: 22/22 MP: 0/0
     3 | D        | Noticed a bag of meat
     4 | D        | Fell from the grace of Trog
     4 | D        | Became a worshipper of Makhleb the Destroyer
     5 | D        | Noticed a bag of meat
     6 | D        | Noticed a bag of meat
     6 | D        | Noticed a meat berserker
     6 | D        | Noticed a bag of meat
     6 | D        | Noticed a bag of meat
     7 | D        | Noticed a bag of meat
     8 | D        | Killed a bag of meat
     8 | D        | Reached skill level 14 in Fighting
     8 | D        | Reached XP level 2. HP: 26/55 MP: 1/1
     8 | D        | Reached XP level 3. HP: 29/63 MP: 2/2
     8 | D        | Reached XP level 4. HP: 33/72 MP: 3/3
     8 | D        | Reached XP level 5. HP: 36/80 MP: 4/4
     8 | D        | Reached XP level 6. HP: 40/89 MP: 5/5
     8 | D        | Reached XP level 7. HP: 43/97 MP: 6/6
     8 | D        | Reached XP level 8. HP: 46/106 MP: 7/7
     8 | D        | Reached XP level 9. HP: 49/114 MP: 8/8
     8 | D        | Reached XP level 10. HP: 52/123 MP: 9/9
     8 | D        | Reached XP level 11. HP: 55/131 MP: 10/10
     8 | D        | Mangled by a meat berserker

Action                   |  1- 3 |  4- 6 |  7- 9 | 10-12 || total
-------------------------+-------+-------+-------+-------++-------
Melee: Executioner's axe |     1 |       |       |       ||     1
